AoeStats
← lamanito6

Nomad

504273084Analyzed
4v4 RM · 28d ago on Sep 4, 2026· 57m 38s· 8 players
Game mode
Random Map
Map size
231×231
Population
200
Speed
Normal
Resources
Standard
Victory
Conquest
Starting age
Dark Age
Ending age
Imperial Age
RankedLock teamsTeams togetherTeam positionsShared explorationLock speedFull tech treeHidden civsTurbo modeCheats
Victory
Defeat
🇪🇸 Maya · Spain
1192
+12
🇩🇪 Italians · Germany
1119
+15
🇭🇷 Aztecs · Croatia
1118
+15
🇩🇪 Vietnamese · Germany
1047
+19
🇪🇸 Tupi · Spain
1164
-18
🇺🇸 Turks · United States
1106
-15
🇲🇽 Vietnamese · Mexico
1077
-14
🇹🇷 Huns · Türkiye
1072
-14
NMac42
11:53 Loom
15:13 Feudal Age
22:05 Castle Age
lamanito6
4:35 Loom
14:18 Feudal Age
15:01 Double-Bit Axe
16:17 Champi Runner
16:48 Arson
17:48 Fishing Lines
24:54 Castle Age
23:09 Horse Collar
23:21 Gold Mining
23:22 Stone Mining
23:41 Fletching
26:50 Medium Warships
28:39 Padded Archer Armor
29:54 Bodkin Arrow
30:14 Leather Archer Armor
31:18 Ballistics
40:23 Imperial Age
40:29 Capped Ram
43:26 Elite Blackwood Archer
44:10 Bracer
44:41 Ring Archer Armor
45:14 Chemistry
48:53 Siege Ram
51:50 Curare
Rey de Copas
3:56 Loom
15:44 Feudal Age
17:38 Forging
23:06 Castle Age
20:53 Double-Bit Axe
22:28 Fletching
24:02 Medium Warships
24:56 Iron Casting
27:59 Bodkin Arrow
30:01 Padded Archer Armor
32:25 Ballistics
32:59 Fishing Lines
36:53 Leather Archer Armor
47:55 Imperial Age
49:56 Chemistry
49:43 Bracer
Magua
5:21 Loom
16:11 Feudal Age
16:39 Double-Bit Axe
17:32 Wheelbarrow
17:07 Fishing Lines
18:38 Gold Mining
23:05 Castle Age
21:55 Bloodlines
21:58 Forging
21:53 Scale Barding Armor
23:52 Husbandry
24:32 Iron Casting
24:17 Chain Barding Armor
24:12 Light Cavalry
26:20 Gillnets
27:53 Hand Cart
27:42 Stone Mining
28:29 Gold Shaft Mining
30:08 Bow Saw
33:38 Clinker Construction
33:50 Ballistics
33:26 Murder Holes
33:41 Masonry
33:28 Fletching
39:54 Imperial Age
40:09 Bodkin Arrow
43:59 Horse Collar
44:49 Guilds
46:34 Conscription
47:38 Elite Tarkan
49:07 Medium Warships
48:32 Cavalier
51:10 Plate Barding Armor
50:42 Heavy Plow
52:43 Bracer
54:39 Heavy Warships
ReyCocobolo
4:28 Loom
14:34 Feudal Age
15:38 Double-Bit Axe
16:18 Fishing Lines
18:40 Castle Age
19:14 Fletching
18:59 Demolition Ship
19:53 Gillnets
21:28 Medium Warships
23:09 Medium Warships
23:26 Medium Warships
23:30 Bodkin Arrow
27:43 Bow Saw
29:04 Horse Collar
30:31 Ballistics
31:13 Wheelbarrow
31:37 Heavy Plow
32:39 Padded Archer Armor
38:57 Imperial Age
37:35 Hand Cart
37:25 Stone Mining
40:43 Chemistry
40:08 Bracer
40:55 Leather Archer Armor
40:21 Eagle Warrior
41:35 Conscription
41:52 Scale Mail Armor
41:48 Town Watch
41:54 Elite Eagle Warrior
42:56 Conscription
58:01 Gold Mining
59:12 Two-Man Saw
Henri
4:32 Loom
13:22 Feudal Age
18:47 Castle Age
19:22 Fishing Lines
23:26 Fletching
26:01 Wheelbarrow
32:09 Padded Archer Armor
33:20 Hand Cart
34:49 Bodkin Arrow
35:10 Leather Archer Armor
40:23 Imperial Age
37:48 Double-Bit Axe
43:21 Ballistics
44:02 Chemistry
45:33 Bracer
46:53 Gillnets
50:13 Ring Archer Armor
53:29 Conscription
54:44 Caravan
55:09 Silk Road
54:58 Elite Genoese Crossbowman
Steinbayer007
4:03 Loom
14:15 Feudal Age
16:32 Wheelbarrow
16:57 Town Watch
17:38 Fishing Lines
18:56 Stone Mining
24:13 Castle Age
23:40 Scale Barding Armor
23:26 Fletching
23:49 Bloodlines
26:12 Gillnets
26:53 Medium Warships
27:19 Hand Cart
27:55 Husbandry
27:53 Pikeman
30:19 Double-Bit Axe
37:11 Forging
38:30 Town Patrol
39:17 Horse Collar
40:21 Stone Shaft Mining
44:54 Bow Saw
50:58 Bodkin Arrow
53:40 Gold Mining
54:52 Heavy Plow
Brüno
13:41 Feudal Age
16:41 Loom
19:25 Castle Age
17:38 Double-Bit Axe
19:26 Gold Mining
20:46 Eagle Warrior
21:30 Scale Mail Armor
21:44 Forging
21:40 Horse Collar
23:59 Arson
25:50 Bow Saw
27:04 Fletching
27:45 Chain Mail Armor
28:26 Wheelbarrow
29:15 Forging
32:37 Iron Casting
35:09 Bodkin Arrow
36:07 Squires
38:54 Hand Cart
40:36 Town Watch
45:08 Imperial Age
45:16 Elite Eagle Warrior
48:06 Garland Wars
48:52 Gold Shaft Mining
49:37 Plate Mail Armor
50:27 Blast Furnace
50:45 Conscription
55:32 Town Patrol
56:43 Herbal Medicine
57:10 Ballistics
57:52 Chemistry
57:27 Atlatl
Connection lost

Rejoining the realm…

Still unreachable

The connection could not be restored.

Session expired

The server has moved on; the page needs a fresh start.